 Dungeon Crawl Stone Soup version 0.26-a0-1131-g5f66e2dd50 (webtiles) character file.

Game seed: 544373699037287554

270 Froggeryz the Shield-Bearer (level 6, -5/47 HPs)
             Began as a Formicid Fighter on Dec 19, 2020.
             Was an Initiate of Okawaru.
             Slain by an iguana (6 damage)
             ... on level 4 of the Dungeon.
             The game lasted 00:03:28 (3287 turns).

Froggeryz the Shield-Bearer (Formicid Fighter)      Turns: 3287, Time: 00:03:28

Health: -5/47      AC:  9    Str: 21    XL:     6   Next: 47%
Magic:  6/6        EV:  8    Int:  8    God:    Okawaru [......]
Gold:   215        SH: 10    Dex: 11    Spells: 5/5 levels left

rFire    . . .     SeeInvis +   a - +0 war axe
rCold    . . .     Faith    .   c - +0 kite shield
rNeg     . . .     Spirit   .   b - +0 scale mail
rPois    .         Reflect  .   (helmet unavailable)
rElec    .         Harm     .   u - +0 cloak
rCorr    .         Rampage  .   k - +0 pair of gloves
Will     .....                  (no boots)
Stlth    ..........             (no amulet)
HPRegen  0.15/turn              (no ring)
MPRegen  0.10/turn              (no ring)

@: no status effects
A: permanent stasis, dig shafts and tunnels, four strong arms, antennae 3
a: Dig, Shaft Self, Renounce Religion


You were on level 4 of the Dungeon.
You worshipped Okawaru.
Okawaru was noncommittal.
You visited 2 branches of the dungeon, and saw 5 of its levels.

You collected 215 gold pieces.

Inventory:

Hand Weapons
 a - a +0 war axe (weapon)
 r - a +0 broad axe
Missiles
 t - 12 poisoned darts
Armour
 b - a +0 scale mail (worn)
 c - a +0 kite shield (worn)
 k - a +0 pair of gloves (worn)
 u - a +0 cloak (worn)
Wands
 m - a wand of iceblast (11)
Scrolls
 f - 2 scrolls of fog
 g - a scroll of teleportation {unknown}
 h - a scroll of magic mapping {unknown}
 n - a scroll of identify
 p - a scroll of remove curse
Potions
 d - 2 potions of might
 e - a potion of lignification {unknown}
 i - 4 potions of curing {unknown}
 j - a potion of mutation {unknown}
 l - a potion of magic {unknown}
 o - a potion of heal wounds {unknown}
 q - a potion of brilliance {unknown}
 s - 2 potions of attraction {unknown}


   Skills:
 - Level 3.2 Fighting
 * Level 5.3 Axes
 - Level 3.2 Armour
 + Level 5.4 Shields


You had 5 spell levels left.
You didn't know any spells.
Your spell library was empty.

Dungeon Overview and Level Annotations

Branches:
Dungeon (4/15)             Temple (1/1) D:4

Altars:
Ashenzari
Cheibriados
Elyvilon
Fedhas
Hepliaklqana
Kikubaaqudgha
Nemelex Xobeh
Okawaru
Qazlal
Sif Muna
Trog
Uskayaw
Vehumet
Wu Jian
Xom
Yredelemnul
Zin
The Shining One


Innate Abilities, Weirdness & Mutations

You cannot be hasted, slowed, berserked, paralysed or teleported.
You can dig through walls and to a lower floor.
Your four strong arms can wield two-handed weapons with a shield.
You have a pair of large antennae on your head. (SInv)


Message History

You hit the iguana.
The iguana is heavily wounded.
The iguana bites you.
* * * LOW HITPOINT WARNING * * *
You block the iguana's attack.
You hit the iguana but do no damage.
The iguana is heavily wounded.
You block the iguana's attack.
You hit the iguana.
The iguana is almost dead.
The iguana bites you!
* * * LOW HITPOINT WARNING * * *
You closely miss the iguana.
The iguana is almost dead.
The iguana bites you but does no damage.
You hit the iguana.
The iguana is almost dead.
The iguana bites you but does no damage.
The iguana bites you.
You die...

.#.#......#
..........######
#.............#
#.............#
#......##.....#
#.##.#.##.....#
#...<..##.....#
###############.....####
......l@......'.....'...
..#.###########.....####
#.....# #######


You could see an iguana.

Vanquished Creatures
  A scorpion (D:4)
  A howler monkey (D:4)
  Crazy Yiuf (D:3)
  A bullfrog skeleton (D:4)
  5 adders
  A worm (D:2)
  10 dart slugs
  A leopard gecko (D:2)
  5 orcs
  2 ball pythons
  7 giant cockroaches
  3 hobgoblins
  2 jackals
  2 quokkas
  10 bats
  2 frilled lizards
  3 goblins
  4 kobolds
  3 rats
64 creatures vanquished.

Notes
Turn   | Place    | Note
-------+----------+-------------------------------------------
     0 | D:1      | Froggeryz the Formicid Fighter began the quest for the Orb.
     0 | D:1      | Reached XP level 1. HP: 18/18 MP: 1/1
   528 | D:1      | Reached XP level 2. HP: 24/24 MP: 2/2
   853 | D:2      | Reached XP level 3. HP: 29/29 MP: 3/3
  1241 | D:2      | Reached XP level 4. HP: 32/35 MP: 4/4
  1808 | D:3      | Reached XP level 5. HP: 41/41 MP: 5/5
  2219 | D:3      | Found a runed translucent door.
  2220 | D:3      | Noticed Crazy Yiuf
  2237 | D:3      | Killed Crazy Yiuf
  2532 | D:4      | Found a staircase to the Ecumenical Temple.
  2573 | Temple   | Entered the Ecumenical Temple
  2997 | D:4      | Reached skill level 5 in Shields
  2997 | D:4      | Reached XP level 6. HP: 45/47 MP: 6/6
  3000 | D:4      | Reached skill level 5 in Axes
  3159 | D:4      | Found an iron altar of Okawaru.
  3237 | D:4      | Became a worshipper of Warmaster Okawaru
  3285 | D:4      | HP: 1/47 [iguana (7)]
  3287 | D:4      | Slain by an iguana

Illustrated notes

Levels and vault maps discovered:
D:1:      eino_arrival_water_star, layout_basic, dk_noncrumbling_3,
          hangedman_abyss_or_decor_stabs
D:2:      layout_rooms
D:3:      kennysheep_slugbush, layout_loops_ring, minmay_misc_feat_diagonals,
          uniq_crazy_yiuf_cottage
D:4:      minmay_diamond_boxcup, layout_basic, okawaru_metal_pillars_1_2,
          minmay_temple_entry_statues, kennysheep_cluttered_room
Temple:   minmay_crystal_spiral_temple

Skill      XL: |  1  2  3  4  5  6 |
---------------+-------------------+-----
Shields        | 4 5 |  5.4
Axes           | 3 4 5 |  5.3
Fighting       | |  3.2
Armour         | |  3.2

Action                   |  1- 3 |  4- 6 || total
-------------------------+-------+-------++-------
Melee: War axe           |    87 |   122 ||   209
  Use: Scroll            |       |     8 ||     8
Armor: Scale mail        |    74 |    54 ||   128
Dodge: Dodged            |    41 |    38 ||    79
Block: Kite shield       |    65 |    47 ||   112

Table legend: (Time is in decaauts)
 A = Elapsed time spent in this place.
 B = Non-inter-level travel time spent in this place.
 C = Inter-level travel time spent in this place.
 D = Time resting spent in this place.
 E = Time spent auto-exploring this place.
 F = Levels seen in this place.
 G = Mean time per level.
                   A        B        C        D        E       F      G
               +--------+--------+--------+--------+--------+-----+--------+
         Total |   3381 |   3087 |    294 |    561 |   1960 |   5 |  676.2 |
       Dungeon |   3212 |   3001 |    211 |    561 |   1876 |   4 |  803.0 |
        Temple |    168 |     85 |     83 |      0 |     84 |   1 |  168.0 |
               +--------+--------+--------+--------+--------+-----+--------+

Top non-repeatable levels by time:
     D:3: 1142 daAuts
     D:1: 845 daAuts
     D:4: 621 daAuts
     D:2: 601 daAuts
  Temple: 168 daAuts
